 Dungeon Crawl Stone Soup version 0.31-a0-1009-g454b1f1e0a (webtiles) character file.

Game seed: 10932384928188373518

812 Gumption the Covered (level 7, -2/64 HPs)
             Began as an Armataur Fighter on Nov 16, 2023.
             Slain by an orc
             ... wielding a +0 morningstar
              (5 damage)
             ... on level 5 of the Dungeon.
             The game lasted 00:22:45 (3854 turns).

Gumption the Covered (Armataur Fighter)             Turns: 3854, Time: 00:22:46

Health: -2/64      AC: 14    Str: 21    XL:     7   Next: 61%
Magic:  7/7        EV:  4    Int: 11    God:
Gold:   231        SH: 10    Dex: 12    Spells: 6/6 levels left

rFire   . . .        a - +0 flail
rCold   . . .        c - +0 buckler
rNeg    . . .        m - +0 plate armour
rPois   .            l - +1 helmet {Int+3}
rElec   .            h - +0 cloak
rCorr   .            (no gloves)
SInv    .            (no barding)
Will    .....        j - amulet of reflection Stlth
                     k - ring of flight
HPRegen 0.30/turn    (no ring)
MPRegen 0.10/turn

%: reflection, roll
@: flying
A: large, rugged brown scales 3, deformed body, armoured tail, roll, long
tongue, awkward tongue
a: no special abilities


You were on level 5 of the Dungeon.
You visited 1 branch of the dungeon, and saw 5 of its levels.

You collected 231 gold pieces.

Inventory:

Hand Weapons
 a - a +0 flail (weapon)
Missiles
 f - 2 poisoned darts
 i - 2 throwing nets
 x - 4 silver javelins (quivered)
 B - 6 curare-tipped darts
Armour
 c - a +0 buckler (worn)
 h - a +0 cloak (worn)
 l - a +1 helmet of intelligence (worn)
 m - a +0 plate armour (worn)
Jewellery
 j - an amulet of reflection (around neck)
 k - a ring of flight (left hand)
 p - a +5 ring of evasion
Wands
 C - a wand of paralysis (12)
Scrolls
 g - a scroll of poison {unknown}
 n - a scroll of enchant weapon {unknown}
 o - a scroll of fear {unknown}
 q - a scroll of amnesia {unknown}
 s - 2 scrolls of enchant armour
 u - a scroll of torment {unknown}
 y - 2 scrolls of teleportation
 z - a scroll of immolation {unknown}
 A - a scroll of identify {unknown}
Potions
 b - a potion of invisibility {unknown}
 d - 2 potions of might
 e - 2 potions of curing {unknown}
 r - a potion of ambrosia {unknown}
 t - a potion of attraction {unknown}
 v - 3 potions of haste {unknown}
 w - 3 potions of mutation {unknown}


   Skills:
 + Level 4.3 Fighting
 * Level 5.2 Maces & Flails
 + Level 5.8 Armour
 + Level 5.3 Shields


You had 6 spell levels left.
You didn't know any spells.
Your spell library contained the following spells:

 Spells                   Type           Power      Damage    Failure   Level
 Slow                     Hex            0%         N/A       100%        1
 Confusing Touch          Hex            0%         N/A       100%        3
 Dazzling Flash           Conj/Hex       0%         N/A       100%        3
 Sigil of Binding         Hex            0%         N/A       100%        3
 Stone Arrow              Conj/Erth      0%         3d7       100%        3
 Vampiric Draining        Necr           0%         2d6       100%        3
 Animate Armour           Summ/Erth      0%         N/A       100%        4
 Agony                    Necr           0%         N/A       100%        5
 Silence                  Hex/Air        0%         N/A       100%        5
 Lehudib's Crystal Spear  Conj/Erth      0%         10d2      100%        8


Dungeon Overview and Level Annotations

Branches:
Dungeon (5/15)
 Temple: D:4-7

Altars:


Innate Abilities, Weirdness & Mutations

You are completely covered in rugged brown scales. (AC +3, +7% HP)
Armour fits poorly on your strangely shaped body.
You have a long armoured tail.
You roll when moving toward enemies. (Rampage)
Your long tongue fully drains potion bottles. (2x potion effects)
Your tongue gives you trouble enunciating. (1.5x scroll delay)


Message History

The orc priest hits you with a +0 mace.
* * * LOW HITPOINT WARNING * * *
The orc closely misses you. The orc hits you but does no damage.
The orc hits you with a +0 hand axe.
* * * LOW HITPOINT WARNING * * *
The orc barely misses you. The gnoll hits you but does no damage.
You closely miss the orc priest.
The orc priest is heavily wounded.
The orc priest hits you but does no damage.
You block the orc's attack. The orc barely misses you.
The gnoll completely misses you. The orc hits you but does no damage.
The orc completely misses you.
You hit the orc priest.
The orc priest is severely wounded.
You block the orc priest's attack. The orc hits you but does no damage.
The orc wizard casts a spell.
The orc wizard flickers and vanishes!
Deactivating autopickup; reactivate with Ctrl-A.
The orc hits you but does no damage. x3; The gnoll hits you but does no damage.
You closely miss the orc priest. You tail-slap the orc priest.
The orc priest is severely wounded.
The orc priest hits you but does no damage.
The orc hits you but does no damage.
The orc hits you from afar with a +0 trident.
* * * LOW HITPOINT WARNING * * *
The gnoll hits you but does no damage. The orc hits you but does no damage.
You block the orc's attack.
You closely miss the orc priest. You tail-slap the orc priest.
You kill the orc priest!
You block the orc's attack. x2; The gnoll hits you with a +0 club.
* * * LOW HITPOINT WARNING * * *
The orc hits you but does no damage.
You barely miss the orc. The orc hits you but does no damage.
You block the orc's attack. The gnoll hits you but does no damage.
The orc hits you but does no damage. You block the orc's attack.
The gnoll hits you with a +0 club.
* * * LOW HITPOINT WARNING * * *
The orc hits you but does no damage. You block the orc's attack.
The orc hits you with a +0 morningstar.
You die...

...>....# #.......#
#.......# #.......#
#.......# #:......#
###########.#
#....ogo###...........#
#...oo.@..)......###..#
..#.##oo....)....#
#...........#
#...........###
#...........).#
#...........#.#
#...........#)#
#...........#.#
#...........#†#


You could see a gnoll and 6 orcs.

Vanquished Creatures
  Menkaure (D:5)
  An ogre (D:4)
  A phantom (D:4)
  A gnoll sergeant (D:5)
  A jelly (D:4)
  A howler monkey (D:5)
  2 orc priests
  A sleepcap (D:4)
  An orc wizard (D:4)
  Robin (D:2)
  9 gnolls
  9 adders
  6 dart slugs
  7 orcs
  5 ball pythons
  10 endoplasms
  4 giant cockroaches
  16 goblins
  3 hobgoblins
  2 jackals (D:1)
  5 quokkas
  5 bats
  A frilled lizard (D:1)
  5 kobolds
  6 rats
104 creatures vanquished.

Notes
Turn   | Place    | Note
-------+----------+-------------------------------------------
     0 | D:1      | Gumption the Armataur Fighter began the quest for the Orb.
     0 | D:1      | Reached XP level 1. HP: 19/19 MP: 1/1
   206 | D:1      | Reached XP level 2. HP: 26/26 MP: 2/2
   645 | D:1      | Reached XP level 3. HP: 26/32 MP: 3/3
  1156 | D:2      | Noticed Robin
  1227 | D:2      | Killed Robin
  1228 | D:2      | Reached XP level 4. HP: 27/40 MP: 4/4
  1330 | D:2      | Found a faded altar of an unknown god.
  1940 | D:3      | Reached XP level 5. HP: 26/48 MP: 5/5
  2144 | D:3      | Identified the +8 dagger "Baarysuz" {heavy, rC- rCorr Str-5
                  | Int+8}
  2416 | D:4      | Noticed an ogre
  2422 | D:4      | Killed an ogre
  2423 | D:4      | Reached XP level 6. HP: 27/54 MP: 6/6
  2745 | D:4      | Reached skill level 5 in Armour
  3119 | D:4      | Reached XP level 7. HP: 63/63 MP: 7/7
  3540 | D:5      | Entered Level 5 of the Dungeon
  3590 | D:5      | Noticed Menkaure
  3601 | D:5      | Killed Menkaure
  3602 | D:5      | Reached skill level 5 in Shields
  3772 | D:5      | Reached skill level 5 in Maces & Flails
  3854 | D:5      | HP: 3/64 [gnoll/+0 club[a gnoll sergeant] (4)]
  3854 | D:5      | Slain by an orc

Illustrated notes

Levels and vault maps discovered:
D:1:      giann_forest_graveyard, layout_basic, serial_corexii_hall,
          chequers_hall_statues_corner_a, chequers_hall_statues_wall_a,
          chequers_hall_statues_wall_a, corexii_hall_statues_s
D:2:      layout_rooms, shapermc_ecumenical_altar_starsandcircs,
          minmay_pentomino_t4, uniq_robin
D:3:      layout_rooms
D:4:      layout_loops_ring, serial_forest, infiniplex_forest_end_3,
          infiniplex_forest_clump_cross, infiniplex_forest_side_room,
          infiniplex_forest_fountain, infiniplex_forest_lined_3,
          infiniplex_forest_straight_2, infiniplex_forest_clump_double,
          roderic_serpentine_path, kennysheep_potato
D:5:      layout_basic, old_standard_altar, sigmund_edmund_badplayer,
          uniq_menkaure

Skill      XL: |  1  2  3  4  5  6  7 |
---------------+----------------------+-----
Maces & Flails | 2 3 4 5 |  5.2
Armour         | 4 5 |  5.8
Fighting       | 3 4 |  4.3
Shields        | 4 5 |  5.3

Action                     |  1- 3 |  4- 6 |  7- 9 || total
---------------------------+-------+-------+-------++-------
  Melee: Flail             |   120 |   177 |    52 ||   349
         Tailslap          |    13 |    18 |     8 ||    39
    Use: Scroll            |       |     1 |     1 ||     2
 Armour: Scale mail        |    54 |       |       ||    54
         Plate armour      |    65 |   156 |    61 ||   282
  Dodge: Dodged            |    33 |    34 |    12 ||    79
  Block: Buckler           |    53 |    78 |    30 ||   161
         Reflection        |     2 |     3 |     1 ||     6

Table legend: (Time is in decaauts)
 A = Elapsed time spent in this place.
 B = Non-inter-level travel time spent in this place.
 C = Inter-level travel time spent in this place.
 D = Time resting spent in this place.
 E = Time spent auto-exploring this place.
 F = Levels seen in this place.
 G = Mean time per level.
                   A        B        C        D        E       F      G
               +--------+--------+--------+--------+--------+-----+--------+
         Total |   3946 |   3946 |      0 |    595 |   1586 |   5 |  789.2 |
       Dungeon |   3946 |   3946 |      0 |    595 |   1586 |   5 |  789.2 |
               +--------+--------+--------+--------+--------+-----+--------+

Top non-repeatable levels by time:
     D:4: 1182 daAuts
     D:1: 1039 daAuts
     D:2: 797 daAuts
     D:3: 623 daAuts
     D:5: 302 daAuts
